 Seeded DCSS version 0.29-a0-676-ga64570c9d2 (webtiles) character file.

Game seed: 11281427841516483749 (custom seed)

2881 zeratav the Archer (level 9, -2/43 HPs)
             Began as a Tengu Hunter on June 24, 2022.
             Was a Priest of Okawaru.
             Slain by a hornet (11 damage)
             ... on level 8 of the Dungeon.
             The game lasted 00:15:21 (8698 turns).

zeratav the Archer (Tengu Hunter)                   Turns: 8698, Time: 00:15:22

Health: -2/43      AC:  4    Str: 15    XL:     9   Next: 76%
Magic:  15/15      EV: 19    Int: 15    God:    Okawaru [***...]
Gold:   351        SH:  0    Dex: 21    Spells: 8/8 levels left

rFire   . . .      SeeInvis .   a - +3 shortbow {bow}
rCold   . . .      Faith    .   (shield currently unavailable)
rNeg    . . .      Spirit   .   b - +0 leather armour
rPois   .          Reflect  .   (helmet restricted)
rElec   .          Harm     .   (no cloak)
rCorr   .          Rampage  .   e - +0 pair of gloves
Will    .....                   (boots unavailable)
Stlth   +++.......              (no amulet)
HPRegen 0.14/turn               m - +4 ring of evasion
MPRegen 0.14/turn               p - +6 ring of intelligence

@: lethally poisoned (-2 -> -7), flying quickly and evasively, quick
A: beak, talons 3, nimble flight, horns 1, frail 1, strong 1
a: Renounce Religion, Heroism


You were on level 8 of the Dungeon.
You worshipped Okawaru.
Okawaru was most pleased with you.
You visited 1 branch of the dungeon, and saw 8 of its levels.

You collected 351 gold pieces.


Innate Abilities, Weirdness & Mutations

You have a beak for a mouth.
You have claws for feet.
Your magical nature lets you fly swiftly and evasively.
You have a pair of small horns on your head.
You are frail. (-10% HP)
Your muscles are strong. (Str +4, Int/Dex-1)


   Skills:
 - Level 2.1 Fighting
 + Level 11.4 Bows
 - Level 2.4 Dodging
 - Level 5.0 Stealth
 + Level 6.9 Invocations


You had 8 spell levels left.
You didn't know any spells.
Your spell library contained the following spells:

 Spells                   Type           Power      Damage    Failure   Level
 Freeze                   Ice            0%         1d3       32%         1
 Static Discharge         Conj/Air       0%         N/A       45%         2
 Frozen Ramparts          Ice            0%         1d2       69%         3
 Inner Flame              Hex/Fire       0%         N/A       69%         3
 Cause Fear               Hex            0%         N/A       97%         4
 Hailstorm                Conj/Ice       0%         3d3       97%         4
 Lightning Bolt           Conj/Air       0%         1d11      100%        5
 Discord                  Hex            0%         N/A       100%        8
 Maxwell's Capacitive Co  Air            0%         ∞         100%        8

Inventory:

Hand Weapons
 a - a +3 shortbow (weapon) {bow}
 d - a +0 falchion of draining {long}
   (You found it on level 6 of the Dungeon)
 g - a +5 flail {mace}
   (You took it off a wight on level 6 of the Dungeon)
 r - a +2 spear of venom {polearm}
   (You took it off a gnoll sergeant on level 6 of the Dungeon)
 v - a +5 mace {mace}
   (You took it off a wight on level 7 of the Dungeon)
Armour
 b - a +0 leather armour (worn)
 e - a +0 pair of gloves (worn)
   (You found it on level 7 of the Dungeon)
Jewellery
 m - a +4 ring of evasion (left hand)
   (You found it on level 3 of the Dungeon)
 p - a +6 ring of intelligence (right hand)
   (You took it off an orc on level 3 of the Dungeon)
Wands
 t - a wand of flame (18)
   (You found it on level 5 of the Dungeon)
 y - a wand of digging (4)
   (You took it off Eustachio on level 6 of the Dungeon)
Scrolls
 c - 2 scrolls of immolation {!r!r}
 f - 2 scrolls of magic mapping {!r}
 h - 2 scrolls of enchant armour
 i - a scroll of fear
 n - a scroll of silence {!r}
 o - a scroll of amnesia
 x - 2 scrolls of teleportation {unknown}
 z - a scroll of vulnerability {unknown}
Potions
 j - 3 potions of curing {@q1}
 k - a potion of ambrosia {unknown}
 l - a potion of invisibility {unknown}
 q - 2 potions of magic {unknown}
 s - a potion of heal wounds {@q2}
 u - a potion of flight
 w - a potion of brilliance {unknown}
 A - a potion of might {unknown}
 B - a potion of attraction {!q}
 C - a potion of lignification {unknown}

Dungeon Overview and Level Annotations

Branches:
Dungeon (8/15) Zot: 26933  Temple (0/1) D:5
   Lair: D:8-11

Altars:
Cheibriados
Okawaru
Wu Jian

Shops:
D:2 (

Annotations:
D:4 exclusion: water moccasin
D:6 2 transporters, DocClef's ghost, amateur GnFi

#........######
#.............#
#.............######
#.#.#####...........
#.#.#####......####
#.#.#.......#..#
###.#.#......<..S#
......#.......##y#
.##...#.......##@#
.##...........##.#
.##.#.#.......##.#
.##.#.#.......##.#
..#...#..........#
#.#.########.#####
#...# #.# ..........
#.# ###.###### #.


You could see a hornet and a water moccasin.


Message History

v - a +5 mace {mace} You see here a +0 robe.
q - 2 pink potions (gained 1)
There is an open door here.
You see here a +0 leather armour.
A sky beast comes into view.
You shoot an arrow. The arrow hits the sky beast.
You shoot an arrow. The arrow closely misses the sky beast.
You shoot an arrow. The arrow misses the sky beast.
You shoot an arrow. The arrow hits the sky beast!
You shoot an arrow. The arrow barely misses the sky beast.
You shoot an arrow. The arrow hits the sky beast!
The sky beast hits you but does no damage.
You shoot an arrow. The arrow hits the sky beast!
You kill the sky beast!
Okawaru accepts your kill.
No target in view!
No target in view!
You see here a +0 leather armour.
There is an open door here.
There is a stone staircase leading down here.
Done exploring.
Done exploring.
(D) Dungeon (T) Temple
Where to? (Enter - D:7, ? - help)
There is a stone staircase leading down here.
You fly downwards.
There is a stone staircase leading up here.
A water moccasin comes into view.
You shoot an arrow. The arrow hits the water moccasin!
The water moccasin hisses angrily.
A hornet comes into view.
You shoot an arrow. The hornet buzzes angrily.
The arrow hits the water moccasin!
You shoot an arrow.
The arrow barely misses the water moccasin.
You shoot an arrow.
The arrow completely misses the water moccasin.
The water moccasin attacks as you move away!
The water moccasin barely misses you. The water moccasin bites you.
HP[-4]
You take 4 damage, and now have 39/43 hp.
The water moccasin attacks as you move away!
The water moccasin bites you.
HP[-3]
You take 3 damage, and now have 36/43 hp.
HP[+1]
The water moccasin bites you but does no damage.
The water moccasin attacks as you move away!
The water moccasin closely misses you. The hornet misses you.
The water moccasin misses you.
There is a stone staircase leading up here.
The hornet attacks as you move away! The hornet barely misses you.
The hornet stings you but does no damage.
HP[+1]
The water moccasin completely misses you.
Okay, then.
The water moccasin attacks as you move away!
The water moccasin closely misses you. The water moccasin bites you.
HP[-1]
You take 1 damage, and now have 37/43 hp.
The water moccasin attacks as you move away!
The water moccasin completely misses you.
HP[+1]
The water moccasin misses you.
The water moccasin attacks as you move away!
The water moccasin completely misses you.
The water moccasin attacks as you move away!
The water moccasin closely misses you. The water moccasin bites you.
You are poisoned.
The water moccasin poisons you!
There is a stone staircase leading up here.
HP[-2]
You take 2 damage, and now have 36/43 hp.
The hornet attacks as you move away! The hornet closely misses you.
You feel very sick. The water moccasin bites you.
HP[-9]
You take 9 damage, and now have 27/43 hp.
MASSIVE DAMAGE!! (PAUSE)
You feel sick.
HP[-1]
You take 1 damage, and now have 26/43 hp.
The hornet attacks as you move away! The hornet closely misses you.
You feel very sick.
The hornet stings you but does no damage.
HP[-3]
You take 3 damage, and now have 23/43 hp.
You feel sick. The hornet stings you!
* * * LOW HITPOINT WARNING * * *
You feel yourself slow down.
HP[-12]
You take 12 damage, and now have 11/43 hp.
MASSIVE DAMAGE!! (PAUSE)
You feel yourself speed up.
You feel sick. The hornet stings you!
You die...

Skill      XL: |  1  2  3  4  5  6  7  8  9 |
---------------+----------------------------+-----
Bows           | 5 6 7 8 10 11 | 11.4
Invocations    | 1 5 6 |  6.9
Stealth        | 2 5 |  5.0
Fighting       | |  2.1
Dodging        | |  2.4

Action                   |  1- 3 |  4- 6 |  7- 9 || total
-------------------------+-------+-------+-------++-------
Melee: Spear             |       |       |    11 ||    11
       Kick              |       |       |     3 ||     3
       Peck              |       |       |     2 ||     2
 Fire: Shortbow          |    75 |   155 |   328 ||   558
  Use: Potion            |       |       |     5 ||     5
       Scroll            |       |       |     8 ||     8
Armor: Leather armour    |     6 |     8 |    17 ||    31
Dodge: Dodged            |    27 |    40 |   161 ||   228

Levels and vault maps discovered:
D:1:      nzn_arrival_crosshair, layout_basic,
          dilly_ecumenical_altar_fadedgnrine
D:2:      layout_loops_ring, serial_shops, nicolae_shop_hallway_stairs,
          uniq_jessica
D:3:      layout_basic
D:4:      layout_rooms, grunt_temple_overflow_open, overflow_temple_1_default,
          minmay_liquid_box, uniq_menkaure
D:5:      layout_basic, minmay_temple_entry_offerings, grunt_ministairs_14
D:6:      layout_loops_ring, gammafunk_ghost_stat_death, uniq_eustachio
D:7:      layout_basic, minmay_parallelograms
D:8:      layout_basic

Notes
Turn   | Place    | Note
-------+----------+-------------------------------------------
     0 | D:1      | zeratav the Tengu Hunter began the quest for the Orb.
     0 | D:1      | Reached XP level 1. HP: 12/12 MP: 2/2
     0 | D:1      | magus.rc [v1.9.6]
   356 | D:1      | Reached XP level 2. HP: 17/17 MP: 3/3
   614 | D:1      | Found a faded altar of an unknown god.
   617 | D:1      | Reached skill level 5 in Bows
  1074 | D:2      | Noticed Jessica
  1077 | D:2      | Killed Jessica
  1078 | D:2      | Reached XP level 3. HP: 21/21 MP: 4/4
  1183 | D:2      | You pick up a book of Lightning and begin reading...
  1183 | D:2      | You add the spells Static Discharge, Lightning Bolt and
                  | Maxwell's Capacitive Coupling to your library.
  1304 | D:2      | Reached skill level 6 in Bows
  1474 | D:2      | Reached XP level 4. HP: 26/26 MP: 5/5
  1557 | D:2      | Found Semp's Weapon Emporium.
  2124 | D:3      | You pick up a book of Frost and begin reading...
  2124 | D:3      | You add the spells Freeze, Frozen Ramparts and Hailstorm to
                  | your library.
  2401 | D:4      | Noticed a water moccasin
  2458 | D:4      | Gained mutation: Your magical nature lets you fly swiftly
                  | and evasively. [Tengu growth]
  2458 | D:4      | Reached XP level 5. HP: 30/30 MP: 6/6
  2460 | D:4      | Found an iron altar of Okawaru.
  2466 | D:4      | Became a worshipper of Warmaster Okawaru
  2509 | D:4      | Found an ornate altar of the Wu Jian Council.
  2515 | D:4      | Found a snail-covered altar of Cheibriados.
  2540 | D:4      | Reached skill level 7 in Bows
  2947 | D:4      | Reached XP level 6. HP: 28/35 MP: 7/7
  3130 | D:4      | Noticed Menkaure
  3136 | D:4      | Killed Menkaure
  3136 | D:4      | Reached * piety under Okawaru
  3137 | D:4      | Reached skill level 8 in Bows
  3365 | D:5      | Entered Level 5 of the Dungeon
  3517 | D:5      | Reached XP level 7. HP: 36/40 MP: 8/8
  3588 | D:5      | Reached skill level 9 in Bows
  4035 | D:5      | Found a staircase to the Ecumenical Temple.
  4042 | D:5      | You pick up a book of Hexes and begin reading...
  4042 | D:5      | You add the spells Inner Flame, Cause Fear and Discord to
                  | your library.
  4120 | D:5      | HP: 10/40 [poisoned by an adder]
  4381 | D:5      | Reached skill level 10 in Bows
  4419 | D:6      | Found a transporter.
  4422 | D:6      | Noticed DocClef's ghost (amateur GnFi)
  4437 | D:6      | Reached skill level 1 in Invocations
  4440 | D:6      | HP: 5/40 [centaur/arrow (11)]
  4451 | D:6      | HP: 10/40 [centaur (6)]
  4457 | D:6      | HP: 8/40 [centaur (1)]
  4458 | D:6      | Reached ** piety under Okawaru
  4459 | D:6      | Reached skill level 2 in Stealth
  4705 | D:6      | Reached XP level 8. HP: 44/44 MP: 10/10
  4745 | D:6      | Found a transporter.
  4752 | D:6      | Reached skill level 3 in Stealth
  4752 | D:6      | Reached skill level 2 in Invocations
  4850 | D:6      | Reached skill level 3 in Invocations
  4864 | D:6      | Reached skill level 4 in Stealth
  5434 | D:6      | Noticed Eustachio
  5586 | D:6      | Killed Eustachio
  5587 | D:6      | Reached skill level 5 in Stealth
  5587 | D:6      | Reached skill level 4 in Invocations
  5809 | D:5      | Reached skill level 5 in Invocations
  5992 | D:5      | Reached *** piety under Okawaru
  5993 | D:5      | Reached XP level 9. HP: 24/48 MP: 13/13
  6303 | D:6      | HP: 8/48 [black bear (10)]
  6760 | D:6      | Gained mutation: You are frail. (-10% HP) [potion of
                  | mutation]
  6760 | D:6      | Gained mutation: Your spells are a little harder to cast,
                  | but a little more powerful. [potion of mutation]
  6760 | D:6      | Gained mutation: Your mind is acute. (Int +4, Str/Dex-1)
                  | [potion of mutation]
  6761 | D:6      | Lost mutation: Your mind is acute. (Int +4, Str/Dex-1)
                  | [potion of mutation]
  6761 | D:6      | Lost mutation: Your spells are a little harder to cast, but
                  | a little more powerful. [potion of mutation]
  6761 | D:6      | Gained mutation: You have a pair of small horns on your
                  | head. [potion of mutation]
  6761 | D:6      | Gained mutation: Your spells are a little easier to cast,
                  | but a little less powerful. [potion of mutation]
  6761 | D:6      | Gained mutation: Your muscles are strong. (Str +4,
                  | Int/Dex-1) [potion of mutation]
  6761 | D:6      | Lost mutation: Your spells are a little easier to cast, but
                  | a little less powerful. [potion of mutation]
  7776 | D:7      | Reached skill level 6 in Invocations
  7891 | D:7      | Reached skill level 11 in Bows
  8663 | D:8      | Noticed a hornet
  8698 | D:8      | HP: 9/43 [poisoned by a water moccasin]
  8698 | D:8      | Slain by a hornet

Vanquished Creatures
  Eustachio (D:6)
  Menkaure (D:4)
  A water moccasin (D:7)
  An ice beast (D:6)
  A black bear (D:6)
  3 sky beasts
  A centaur (D:6)
  2 phantoms (D:5)
  5 bullfrogs
  2 necrophages
  2 gnoll sergeants
  2 scorpions (D:6)
  8 wights
  An orc priest (D:6)
  3 hounds
  2 jellies (D:6)
  Jessica (D:2)
  4 iguanas
  4 orc wizards
  9 gnolls
  8 adders
  2 white imps
  An ufetubus (D:6)
  A worm (D:4)
  4 dart slugs
  19 orcs
  3 endoplasms
  3 giant cockroaches
  5 goblins
  3 hobgoblins
  4 jackals (D:2)
  8 quokkas
  9 ball pythons
  6 bats
  4 frilled lizards
  14 kobolds
  2 rats (D:2)
150 creatures vanquished.

Table legend:
 A = Non-vault XP
 B = Vault XP
 C = Vault XP percentage of total XP
 D = Non-vault monster count
 E = Vault monster count
 F = Vault count percentage of total count
                 A         B        C        D         E       F
            +---------+---------+-------+---------+---------+-------
      Total |    3676 |     440 |  10.7 |     145 |       5 |   3.3
            +---------+---------+-------+---------+---------+-------
        D:1 |      19 |       0 |   0.0 |      12 |       0 |   0.0
        D:2 |      52 |      37 |  41.6 |      24 |       1 |   4.0
        D:3 |      55 |       0 |   0.0 |      20 |       0 |   0.0
        D:4 |     175 |     172 |  49.6 |      21 |       1 |   4.5
        D:5 |     546 |      43 |   7.3 |      14 |       2 |  12.5
        D:6 |    1692 |     188 |  10.0 |      36 |       1 |   2.7
        D:7 |    1137 |       0 |   0.0 |      18 |       0 |   0.0
            +---------+---------+-------+---------+---------+-------

Illustrated notes

Table legend:
 A = Kills in this place as a percentage of kills in entire the game.
 B = Kills by you in this place as a percentage of kills by you in the entire game.
 C = Kills by friends in this place as a percentage of kills by friends in the entire game.
 D = Other kills in this place as a percentage of other kills in the entire game.
 E = Experience gained in this place as a percentage of experience gained in the entire game.
 F = Experience gained in this place divided by the number of levels of this place that you have seen.
                   A       B       C       D       E      F
               +-------+-------+-------+-------+-------+----------------------
         Total | 100.0 | 100.0 |   N/A |   N/A | 100.0 | 514.5
       Dungeon | 100.0 | 100.0 |   N/A |   N/A | 100.0 | 514.5
               +-------+-------+-------+-------+-------+----------------------

Table legend: (Time is in decaauts)
 A = Elapsed time spent in this place.
 B = Non-inter-level travel time spent in this place.
 C = Inter-level travel time spent in this place.
 D = Time resting spent in this place.
 E = Time spent auto-exploring this place.
 F = Levels seen in this place.
 G = Mean time per level.
                   A        B        C        D        E       F      G
               +--------+--------+--------+--------+--------+-----+--------+
         Total |   8440 |   8164 |    276 |   1144 |   5397 |   8 | 1055.0 |
       Dungeon |   8440 |   8164 |    276 |   1144 |   5397 |   8 | 1055.0 |
               +--------+--------+--------+--------+--------+-----+--------+

Top non-repeatable levels by time:
     D:6: 2381 daAuts
     D:5: 1707 daAuts
     D:2: 1117 daAuts
     D:7: 934 daAuts
     D:1: 901 daAuts
     D:4: 882 daAuts
     D:3: 450 daAuts
     D:8: 65 daAuts
